 Dungeon Crawl Stone Soup version 0.29-a0-598-gd8304a5bf4 (webtiles) character file.

Game seed: 13766553242818944860

291 YayAnonymity the Skirmisher (level 6, -1/53 HPs)
             Began as a Ghoul Fighter on June 16, 2022.
             Slain by a gnoll
             ... wielding a +0 halberd
              (10 damage)
             ... on level 2 of the Dungeon.
             The game lasted 00:03:24 (1773 turns).

YayAnonymity the Skirmisher (Ghoul Fighter)         Turns: 1773, Time: 00:03:25

Health: -1/53      AC:  9    Str: 20    XL:     6   Next: 32%
Magic:  5/5        EV:  9    Int:  5    God:
Gold:   87         SH:  4    Dex:  8    Spells: 5/5 levels left

rFire   + . .      SeeInvis .   o - +9 mace of Jaggud {freeze, Drain rF+ rCorr}
rCold   + . .      Faith    .   b - +0 buckler
rNeg    + + +      Spirit   .   a - +0 scale mail
rPois   ∞          Reflect  .   (no helmet)
rElec   .          Harm     .   q - +0 cloak
rCorr   +          Rampage  .   (no gloves)
Will    .....                   k - +0 pair of boots
Stlth   ..........              (no amulet)
HPRegen 0.00/turn               (no ring)
MPRegen 0.09/turn               (no ring)

@: inhibited regen
A: claws 1, cold resistance 1, negative energy resistance 3, inhibited
regeneration, torment resistance 2, devour on kill
a: no special abilities


You were on level 2 of the Dungeon.
You visited 1 branch of the dungeon, and saw 2 of its levels.

You collected 87 gold pieces.

Inventory:

Hand Weapons
 o - the +9 mace of Jaggud (weapon) {freeze, Drain rF+ rCorr}
   (You found it on level 2 of the Dungeon)

   It freezes those it strikes, dealing additional cold damage.
   It can also slow down cold-blooded creatures.
   rF:        It protects you from fire.
   rCorr:     It protects you from acid and corrosion.
   Drain:     It drains your maximum health when unequipped.
Missiles
 f - 8 poisoned darts (quivered)
Armour
 a - a +0 scale mail (worn)
 b - a +0 buckler (worn)
 k - a +0 pair of boots (worn)
 n - a scarf of invisibility
 q - a +0 cloak (worn)
Wands
 p - a wand of digging (3)
Scrolls
 d - a scroll of blinking {unknown}
 g - a scroll of teleportation {unknown}
 h - a scroll of enchant weapon {unknown}
 m - 3 scrolls of fog {unknown}
 r - a scroll of identify {unknown}
Potions
 c - a potion of might
 e - a potion of degeneration {unknown}
 i - a potion of attraction {unknown}
 j - 2 potions of mutation {unknown}
 l - a potion of magic {unknown}
 s - a potion of invisibility {unknown}


   Skills:
 + Level 4.7 Fighting
 + Level 3.8 Armour
 + Level 3.9 Shields
 + Level 3.9 Unarmed Combat


You had 5 spell levels left.
You didn't know any spells.
Your spell library was empty.

Dungeon Overview and Level Annotations

Branches:
Dungeon (2/15)

Altars:


Innate Abilities, Weirdness & Mutations

You are immune to poison.
You have sharp fingernails.
Your flesh is cold resistant. (rC+)
You are immune to negative energy. (rN+++)
You do not regenerate when monsters are visible.
You are immune to unholy pain and torment.
You thrive by killing the living.


Message History

A gnoll comes into view. It is wielding a +0 halberd.
The gnoll closely misses you.
The gnoll hits you from afar with a +0 halberd.
The hobgoblin barely misses you.
You barely miss the hobgoblin. The hobgoblin barely misses you.
You block the gnoll's attack.
You sock the hobgoblin! You freeze the hobgoblin.
You kill the hobgoblin!
You block the gnoll's attack. x2
Found a stone staircase leading up.
You block the gnoll's attack.
The gnoll hits you from afar with a +0 halberd.
Things that are here:
a +0 hunting sling; a hobgoblin corpse You are too injured to fight recklessly!
You are too injured to fight recklessly!
You are too injured to fight recklessly!
You are too injured to fight recklessly!
You are too injured to fight recklessly!
You hit the gnoll but do no damage. The gnoll hits you but does no damage.
You completely miss the gnoll. The gnoll closely misses you.
You block the gnoll's attack.
The gnoll hits you from afar with a +0 halberd.
You block the gnoll's attack.
You closely miss the gnoll. The gnoll closely misses you.
The gnoll barely misses you.
You hit the gnoll. You freeze the gnoll.
The gnoll is heavily wounded.
The gnoll hits you from afar with a +0 halberd.
The gnoll completely misses you.
The gnoll hits you from afar with a +0 halberd!
* * * LOW HITPOINT WARNING * * *
You hit the gnoll. You freeze the gnoll.
You kill the gnoll!
The gnoll barely misses you. The gnoll barely misses you.
You see here a +0 halberd.
You sock the gnoll! You freeze the gnoll.
The gnoll is almost dead.
The rat barely misses you. The gnoll hits you with a +0 halberd!
You die...

#.......#
#.......# #
.##### #. ......
#.. # ......
##..# .## ......
..#.### #..
......
#.#.#.#.#g#
...... #. #.#$#@#
...... #. ##)#r##
...... #.##.#$#.#
......
#.#.#.#†#.#
......
#..#.###.#..
......
####..#####....
......
#................
......
#.#########.....#
###### #.# ...<
.....


You could see a gnoll and a rat.

Vanquished Creatures
  Sigmund (D:2)
  Crazy Yiuf (D:2)
  2 gnolls (D:2)
  2 adders (D:2)
  2 worms (D:2)
  4 dart slugs
  2 bats (D:1)
  4 endoplasms
  3 giant cockroaches
  2 goblins
  4 hobgoblins
  2 quokkas (D:2)
  7 ball pythons
  A frilled lizard (D:2)
  3 kobolds
  2 rats (D:1)
  A spectral hobgoblin (D:1)
43 creatures vanquished.

Notes
Turn   | Place    | Note
-------+----------+-------------------------------------------
     0 | D:1      | YayAnonymity the Ghoul Fighter began the quest for the Orb.
     0 | D:1      | Reached XP level 1. HP: 19/19 MP: 0/0
   226 | D:1      | Reached XP level 2. HP: 23/26 MP: 1/1
   474 | D:1      | Found a faded altar of an unknown god.
   531 | D:1      | Reached XP level 3. HP: 30/31 MP: 2/2
  1175 | D:2      | Noticed Sigmund
  1191 | D:2      | Killed Sigmund
  1192 | D:2      | Reached skill level 4 in Fighting
  1192 | D:2      | Reached XP level 4. HP: 18/41 MP: 3/3
  1192 | D:2      | Reached XP level 5. HP: 21/47 MP: 4/4
  1551 | D:2      | Reached XP level 6. HP: 51/53 MP: 5/5
  1584 | D:2      | Found a runed translucent door.
  1585 | D:2      | Noticed Crazy Yiuf
  1586 | D:2      | Identified the +9 mace of Jaggud {freeze, Drain rF+ rCorr}
  1592 | D:2      | Killed Crazy Yiuf
  1773 | D:2      | Slain by a gnoll

Illustrated notes

Levels and vault maps discovered:
D:1:      matt_arrival_los_fun, layout_loops_ring,
          dreamdust_ecumenical_altar_drowned_temple
D:2:      layout_basic, minmay_circle_x, uniq_crazy_yiuf_cottage, uniq_sigmund

Skill      XL: |  1  2  3 |
---------------+----------+-----
Armour         | 3 |  3.8
Shields        | 3 |  3.9
Fighting       | 4 |  4.7
Unarmed Combat | 3 |  3.9

Action                   |  1- 3 |  4- 6 || total
-------------------------+-------+-------++-------
Melee: Unarmed           |    95 |    20 ||   115
       Mace              |       |    30 ||    30
Armor: Scale mail        |    40 |    26 ||    66
Dodge: Dodged            |    35 |    34 ||    69
Block: Buckler           |    18 |    19 ||    37

Table legend: (Time is in decaauts)
 A = Elapsed time spent in this place.
 B = Non-inter-level travel time spent in this place.
 C = Inter-level travel time spent in this place.
 D = Time resting spent in this place.
 E = Time spent auto-exploring this place.
 F = Levels seen in this place.
 G = Mean time per level.
                   A        B        C        D        E       F      G
               +--------+--------+--------+--------+--------+-----+--------+
         Total |   1788 |   1759 |     29 |      0 |   1416 |   2 |  894.0 |
       Dungeon |   1788 |   1759 |     29 |      0 |   1416 |   2 |  894.0 |
               +--------+--------+--------+--------+--------+-----+--------+

Top non-repeatable levels by time:
     D:1: 934 daAuts
     D:2: 854 daAuts
